 Dungeon Crawl Stone Soup version 0.26-a0-540-g8a0c9464d7 (webtiles) character file.

Game seed: 11198920343474986934

36418 Inarius the Cleaver (level 13, 0/96 HPs)
             Began as a Mummy Wanderer on Aug 23, 2020.
             Was the Champion of Nemelex Xobeh.
             Slain by a molten gargoyle
             ... wielding a +0 mace
              (10 damage)
             ... on level 6 of the Lair of Beasts.
             The game lasted 00:33:23 (17130 turns).

Inarius the Cleaver (Mummy Wanderer)               Turns: 17130, Time: 00:33:24

Health: 0/96       AC: 21    Str: 23    XL:     13   Next: 52%
Magic:  18/18      EV:  5    Int:  9    God:    Nemelex Xobeh [******]
Gold:   1022       SH: 11    Dex: 11    Spells: 12/12 levels left

rFire    . . .     SeeInvis .   B - +3 broad axe (drain)
rCold    + + .     Faith    .   I - +1 kite shield {rC+}
rNeg     + + +     Spirit   .   q - +0 plate armour
rPois    ∞         Reflect  .   (no helmet)
rElec    .         Harm     .   i - scarf {+Inv}
rCorr    .                      w - +0 pair of gloves
MR       +....                  r - +0 pair of boots
Stlth    ..........             x - amulet of regeneration
HPRegen  0.66/turn              J - +4 ring of protection
MPRegen  0.16/turn              j - ring of protection from fire

@: no status effects
A: no potions, fire vulnerability, cold resistance 1, negative energy resistance
3, torment resistance, unbreathing, in touch with death 1
a: Draw Escape, Draw Destruction, Draw Summoning, Triple Draw, Deal Four, Stack
Five, Renounce Religion, Evoke Invisibility


You were on level 6 of the Lair of Beasts.
You worshipped Nemelex Xobeh.
Nemelex Xobeh was exalted by your worship.
You visited 2 branches of the dungeon, and saw 17 of its levels.
You also visited: Gauntlet.

You collected 1052 gold pieces.
You spent 30 gold pieces at shops.

Inventory:

Hand Weapons
 s - a +0 hand axe of electrocution
 B - a +3 broad axe of draining (weapon)
Missiles
 m - 2 throwing nets
 E - 3 javelins (quivered)
 G - 13 silver javelins
Armour
 b - a +2 scale mail
 i - a scarf of invisibility (worn)
 q - a +0 plate armour (worn)
 r - a +0 pair of boots (worn)
 w - a +0 pair of gloves (worn)
 y - a +0 chain mail
 F - +0 ice dragon scales
 I - a +1 kite shield of cold resistance (worn)
Jewellery
 g - an uncursed ring of protection from cold
 j - a ring of protection from fire (right hand)
 n - an uncursed amulet of the acrobat
 p - an uncursed ring of see invisible
 x - an amulet of regeneration (around neck)
 z - a +6 ring of dexterity
 A - a +4 ring of slaying
 C - a +4 ring of slaying
 J - a +4 ring of protection (left hand)
Wands
 a - a wand of polymorph (17)
 c - a wand of random effects (42)
 h - a wand of iceblast (7)
 v - a wand of enslavement (8)
Scrolls
 d - 2 scrolls of amnesia
 e - 8 scrolls of remove curse
 k - 9 scrolls of teleportation
 o - 8 scrolls of identify
 t - 2 scrolls of noise
 u - a scroll of enchant armour
 D - 2 scrolls of magic mapping
Miscellaneous
 l - a phial of floods
 H - a phantom mirror


   Skills:
 + Level 7.0 Fighting
   Level 1.0 Short Blades
 * Level 12.9 Axes
 - Level 0.3 Throwing
 * Level 10.3 Armour
 - Level 1.0 Dodging
 - Level 1.5 Stealth
 + Level 5.5 Shields
 * Level 7.8 Invocations
 + Level 2.1 Evocations


You had 12 spell levels left.
You didn't know any spells.
Your spell library contained the following spells:

 Spells                   Type           Power        Failure   Level
 Corona                   Hex            #......      100%        1
 Foxfire                  Conj/Fire      #...         100%        1
 Shock                    Conj/Air       #...         100%        1
 Summon Small Mammal      Summ           #...         100%        1
 Call Imp                 Summ           #.......     100%        2
 Ensorcelled Hibernation  Hex/Ice        #.....       100%        2
 Swiftness                Air            #.......     100%        2
 Call Canine Familiar     Summ           #.......     100%        3
 Confusing Touch          Hex            #.......     100%        3
 Conjure Flame            Conj/Fire      #.......     100%        3
 Dazzling Flash           Conj/Hex       #.....       100%        3
 Inner Flame              Hex/Fire       #.......     100%        3
 Static Discharge         Conj/Air       #.......     100%        3
 Summon Guardian Golem    Hex/Summ       #.......     100%        3
 Tukima's Dance           Hex            #.......     100%        3
 Airstrike                Air            #.........   100%        4
 Sticky Flame             Conj/Fire      #.......     100%        4
 Summon Ice Beast         Ice/Summ       #.......     100%        4
 Summon Lightning Spire   Summ/Air       #.......     100%        4
 Fireball                 Conj/Fire      #.........   100%        5
 Lightning Bolt           Conj/Air       #.........   100%        5


Dungeon Overview and Level Annotations

Branches:
Dungeon (11/15)            Temple (0/1) D:7            Lair (6/6) D:10
  Swamp (0/4) Lair:3       Spider (0/4) Lair:4        Slime (0/5) Lair:6
    Orc (0/2) D:11        Gauntlet (visited)

Altars:
Ashenzari
Cheibriados
Dithmenos
Fedhas
Gozag
Nemelex Xobeh
Okawaru
Qazlal
Ru
Trog
Uskayaw
Wu Jian
Yredelemnul
The Shining One
Jiyva

Shops:
D:4 *

Annotations:
Lair:4 exclusion: 2 oklob plants
Lair:5 Kirke


Innate Abilities, Weirdness & Mutations

You do not drink.
Your flesh is vulnerable to fire.
You are immune to poison.
Your flesh is cold resistant. (rC+)
You are immune to negative energy. (rN+++)
You are immune to unholy pain and torment.
You can survive without breathing.
You are in touch with the powers of death.


Message History

The raiju is almost dead.
Your attack snaps the raiju out of its fear.
You hear a screech!
The molten gargoyle hits you with a +0 mace!
* * * LOW HITPOINT WARNING * * *
You are engulfed in flames!
* * * LOW HITPOINT WARNING * * *
Unknown command.
You draw a card...
You have drawn the Tomb.
Walls emerge from the floor!
The molten gargoyle is lost in a daze.
You draw a card...
You have drawn the Cloud.
Clouds appear around you!
The molten gargoyle is lost in a daze.
You draw a card...
You have drawn Wild Magic.
The molten gargoyle is encased in ice!!
You feel a surge of magic.
The molten gargoyle is no longer dazed.
The molten gargoyle hits you with a +0 mace.
* * * LOW HITPOINT WARNING * * *
You are engulfed in flames!
You die...
Your body glows with a rainbow of weird colours and disappears.

........### ....... ........P#
...9. ....)##.## ...D# ........##
....# #.h #........# ### #l..
##... .........## ####.### #..#
.....
##........###....§§####..###.P...
^.......P....†.##9§.h##l###....(.
.............†.#@#...#.#.#.......
.............#.###....#..........
....................†.#..........
.................................
........P...............†........
.................................
...#......#P...P.(.....^.........
..............................._!
##.##..##...#.#...#....#.##†.....


You could see a molten gargoyle.

Vanquished Creatures
  A spark wasp (Lair:4)
  3 hydras
  2 two-headed ogres
  2 death yaks
  A death scarab (Gauntlet)
  3 unseen horrors
  An ugly thing (D:11)
  An orb spider (Lair:4)
  6 elephants (Lair:5)
  Joseph (D:7)
  2 black mambas
  Psyche (D:11)
  2 torpor snails
  A gargoyle (D:10)
  10 cane toads
  3 rime drakes
  3 komodo dragons
  2 polar bears
  A troll (D:10)
  A tyrant leech (Lair:3)
  25 blink frogs
  4 dream sheep (Lair:5)
  10 hippogriffs
  7 flying skulls (Gauntlet)
  16 yaks
  Sigmund (D:6)
  A hog (Lair:6)
  2 wyverns
  A spectral cane toad (Gauntlet)
  6 water moccasins
  4 porcupines
  6 ice beasts
  3 orc warriors
  A sky beast (D:11)
  2 eyes of draining (D:11)
  A necrophage (D:11)
  3 phantoms
  5 ogres
  A boggart (Lair:6)
  2 centaurs
  7 crocodiles
  10 bullfrogs
  A gnoll sergeant (D:10)
  3 scorpions
  10 killer bees
  9 wights
  3 howler monkeys (D:10)
  A bullfrog zombie (D:11)
  6 hounds
  6 orc priests
  A quasit (D:9)
  2 centaur skeletons
  2 jellies
  11 orc wizards
  A bullfrog skeleton (D:8)
  Jessica (D:2)
  4 worker ants
  A killer bee zombie (D:7)
  2 worker ant zombies
  6 gnolls (D:10)
  11 adders
  2 shadow imps
  A white imp (D:5)
  2 ufetubi
  An ooze (D:3)
  3 worms
  3 leopard geckos
  31 orcs
  4 bats
  5 giant cockroaches
  8 goblins
  9 hobgoblins
  10 jackals
  4 kobolds
  5 quokkas
  4 frilled lizards
  A giant cockroach zombie (D:5)
  A quokka skeleton (D:6)
  7 rats
  A bush (Lair:6)
  6 fungi
  2 plants
356 creatures vanquished.

Vanquished Creatures (collateral kills)
  A minotaur (Gauntlet)
  A komodo dragon (Lair:3)
  A plant (Lair:3)
3 creatures vanquished.

Vanquished Creatures (others)
  2 fungi (Lair:2)
  3 plants
5 creatures vanquished.

Grand Total: 364 creatures vanquished

Notes
Turn   | Place    | Note
-------+----------+-------------------------------------------
     0 | D:1      | Inarius the Mummy Wanderer began the quest for the Orb.
     0 | D:1      | Inarius set off with the following items: a +0 hand axe, a
                  | +2 scale mail, a wand of random effects (15), a +0 dagger
     0 | D:1      | Reached XP level 1. HP: 16/16 MP: 1/1
   388 | D:1      | Reached XP level 2. HP: 21/22 MP: 2/2
   421 | D:1      | Reached skill level 2 in Axes
  1261 | D:2      | Found a sparkling altar of Nemelex Xobeh.
  1265 | D:2      | Became a worshipper of Nemelex Xobeh the Trickster
  1315 | D:2      | Reached XP level 3. HP: 19/28 MP: 3/3
  1464 | D:2      | Received a gift from Nemelex Xobeh
  1483 | D:2      | Noticed Jessica
  1502 | D:2      | Killed Jessica
  1502 | D:2      | Reached XP level 4. HP: 14/34 MP: 4/4
  2072 | D:3      | Reached skill level 3 in Axes
  2072 | D:3      | Reached skill level 1 in Invocations
  2072 | D:3      | Reached XP level 5. HP: 25/39 MP: 5/5
  2327 | D:3      | Found an opulent altar of Gozag.
  2371 | D:3      | Found a glowing golden altar of the Shining One.
  2622 | D:3      | Noticed a +0 dagger
  2623 | D:3      | Found a hide-covered altar of Uskayaw.
  2623 | D:3      | Noticed a +0 hand axe
  2735 | D:3      | Received a gift from Nemelex Xobeh
  2953 | D:4      | Reached * piety under Nemelex Xobeh
  3083 | D:4      | Found Weige's General Store.
  3105 | D:4      | Bought a scroll of identify for 20 gold pieces
  3105 | D:4      | Bought a scroll of random uselessness for 10 gold pieces
  3629 | D:5      | Entered Level 5 of the Dungeon
  3684 | D:5      | Reached XP level 6. HP: 27/46 MP: 7/7
  3853 | D:5      | Found a shadowy altar of Dithmenos.
  3955 | D:5      | Reached skill level 4 in Axes
  4253 | D:5      | Reached XP level 7. HP: 52/52 MP: 8/8
  4831 | D:5      | Found a bloodstained altar of Trog.
  5458 | D:5      | Reached ** piety under Nemelex Xobeh
  5476 | D:5      | Received a gift from Nemelex Xobeh
  5627 | D:5      | Reached skill level 5 in Axes
  6187 | D:6      | Reached XP level 8. HP: 46/58 MP: 9/9
  6189 | D:6      | Reached skill level 1 in Shields
  6533 | D:6      | Noticed Sigmund
  6540 | D:6      | Killed Sigmund
  6642 | D:7      | Reached skill level 6 in Axes
  6796 | D:7      | Received a gift from Nemelex Xobeh
  6796 | D:7      | Found an iron altar of Okawaru.
  6796 | D:7      | Noticed Joseph
  6888 | D:7      | Killed an unseen horror
  6888 | D:7      | Reached skill level 5 in Armour
  6888 | D:7      | Reached XP level 9. HP: 54/65 MP: 11/11
  6995 | D:7      | Found a stormy altar of Qazlal.
  7009 | D:7      | Killed Joseph
  7171 | D:7      | Reached skill level 7 in Axes
  7195 | D:7      | Found a staircase to the Ecumenical Temple.
  7202 | D:7      | Reached *** piety under Nemelex Xobeh
  7342 | D:7      | Received a gift from Nemelex Xobeh
  7371 | D:8      | Got a masterwork cloak
  7385 | D:8      | Identified the +2 cloak of the Serpent {Harm rC++ rN+ MR-}
                  | (You found it on level 8 of the Dungeon)
  7727 | D:8      | Found a sacrificial altar of Ru.
  7800 | D:8      | Found a basalt altar of Yredelemnul.
  7800 | D:8      | Found an ornate altar of the Wu Jian Council.
  7805 | D:8      | Found a blossoming altar of Fedhas.
  7807 | D:8      | Found a shattered altar of Ashenzari.
  7808 | D:8      | Found a snail-covered altar of Cheibriados.
  7962 | D:9      | Noticed a two-headed ogre
  7963 | D:9      | Killed a two-headed ogre
  7963 | D:9      | Reached XP level 10. HP: 72/72 MP: 13/13
  8039 | D:9      | Reached skill level 8 in Axes
  8342 | D:9      | Received a gift from Nemelex Xobeh
  8797 | D:9      | Reached **** piety under Nemelex Xobeh
  8964 | D:10     | Entered Level 10 of the Dungeon
  8968 | D:10     | Found a staircase to the Lair.
  9085 | D:10     | Noticed a gargoyle
  9309 | D:10     | Reached skill level 5 in Invocations
  9369 | D:10     | Reached skill level 9 in Axes
  9565 | D:10     | Received a gift from Nemelex Xobeh
  9847 | D:10     | Killed a gargoyle
  9912 | D:11     | Killed an unseen horror
  9912 | D:11     | Reached skill level 5 in Fighting
  9912 | D:11     | Reached XP level 11. HP: 79/79 MP: 13/15
  9955 | D:11     | Noticed Psyche
  9964 | D:11     | Killed Psyche
 10104 | D:11     | Noticed a red ugly thing
 10119 | D:11     | Killed a red ugly thing
 10264 | D:11     | Noticed a two-headed ogre
 10265 | D:11     | Found a staircase to the Orcish Mines.
 10365 | D:11     | Received a gift from Nemelex Xobeh
 10462 | D:11     | Killed a two-headed ogre
 10462 | D:11     | Reached skill level 10 in Axes
 10471 | D:11     | Killed an unseen horror
 10761 | D:11     | Received a gift from Nemelex Xobeh
 10839 | D:11     | Noticed a four-headed hydra
 10843 | D:11     | Killed a four-headed hydra
 11088 | Lair:1   | Entered Level 1 of the Lair of Beasts
 11096 | Lair:1   | Reached ***** piety under Nemelex Xobeh
 11194 | Lair:1   | Received a gift from Nemelex Xobeh
 11421 | Lair:1   | Received a gift from Nemelex Xobeh
 11762 | Lair:1   | Received a gift from Nemelex Xobeh
 11859 | Lair:2   | Noticed a death yak
 11883 | Lair:1   | Killed a death yak
 12166 | Lair:2   | Received a gift from Nemelex Xobeh
 12187 | Lair:2   | Noticed a six-headed hydra
 12193 | Lair:2   | Killed a six-headed hydra
 12382 | Lair:2   | Reached skill level 11 in Axes
 12382 | Lair:2   | Reached XP level 12. HP: 79/87 MP: 16/16
 12729 | Lair:2   | Received a gift from Nemelex Xobeh
 13063 | Lair:3   | Found a gate leading to a gauntlet.
 13072 | Gauntlet | Entered a Gauntlet
 13072 | Gauntlet | Found a transporter.
 13072 | Gauntlet | Found a transporter.
 13072 | Gauntlet | Noticed a death ooze
 13086 | Gauntlet | Found a transporter.
 13086 | Gauntlet | Found a transporter.
 13089 | Gauntlet | Found a transporter.
 13093 | Gauntlet | Noticed a death scarab
 13096 | Gauntlet | Noticed a death ooze
 13098 | Gauntlet | Noticed a death scarab
 13099 | Gauntlet | Found a transporter.
 13165 | Gauntlet | Found a transporter.
 13175 | Gauntlet | Found a transporter.
 13178 | Gauntlet | Received a gift from Nemelex Xobeh
 13191 | Gauntlet | Found a transporter.
 13201 | Gauntlet | Found a transporter.
 13216 | Gauntlet | Found a transporter.
 13222 | Gauntlet | Found a transporter.
 13250 | Gauntlet | Reached ****** piety under Nemelex Xobeh
 13436 | Gauntlet | Got a brightly glowing steel ring
 13440 | Gauntlet | Identified the ring of Qainliot {rPois rN+ Int+6} (You
                  | found it in a Gauntlet)
 13455 | Gauntlet | Noticed a minotaur
 13457 | Gauntlet | Killed a death scarab
 13599 | Gauntlet | Killed a minotaur
 13640 | Gauntlet | Got a crude steel ring
 13650 | Gauntlet | Identified the ring of Linearity {rN+ Str+3 Int+3 Slay-4
                  | Stlth+} (You found it in a Gauntlet)
 13652 | Gauntlet | Identified the +4 ring mail of Action {Harm rCorr Int-4}
                  | (You found it in a Gauntlet)
 14143 | Lair:3   | Received a gift from Nemelex Xobeh
 14486 | Lair:3   | Found a staircase to the Swamp.
 14649 | Lair:4   | Noticed a seven-headed hydra
 14686 | Lair:3   | Reached skill level 5 in Shields
 14738 | Lair:3   | Reached skill level 12 in Axes
 14838 | Lair:4   | Received a gift from Nemelex Xobeh
 14876 | Lair:4   | Noticed a seven-headed hydra
 14890 | Lair:4   | Killed a seven-headed hydra
 14923 | Lair:4   | Noticed a spark wasp
 14923 | Lair:4   | a seven-headed hydra changed into a spark wasp
 14928 | Lair:4   | Killed a spark wasp
 14928 | Lair:4   | Gained mutation: You are in touch with the powers of death.
                  | [Mummy growth]
 14928 | Lair:4   | Reached XP level 13. HP: 44/95 MP: 18/18
 15144 | Lair:4   | Found a stormy altar of Qazlal.
 15159 | Lair:4   | Reached skill level 10 in Armour
 15414 | Lair:4   | Found a hole to the Spider Nest.
 15508 | Lair:4   | Received a gift from Nemelex Xobeh
 16290 | Lair:5   | Received a gift from Nemelex Xobeh
 16463 | Lair:5   | Received a gift from Nemelex Xobeh
 16942 | Lair:6   | Entered Level 6 of the Lair of Beasts
 16942 | Lair:6   | Noticed Kirke
 16947 | Lair:5   | Noticed a sphinx
 16948 | Lair:5   | Noticed a sphinx
 16948 | Lair:5   | Noticed a shadow dragon
 16948 | Lair:5   | a sphinx changed into a shadow dragon
 16948 | Lair:5   | Noticed Kirke
 16948 | Lair:5   | Kirke changed into Kirke the dire elephant
 16948 | Lair:5   | Noticed a shadow dragon
 16948 | Lair:5   | a sphinx changed into a shadow dragon
 16949 | Lair:5   | Noticed Kirke
 16949 | Lair:5   | Kirke the dire elephant changed into Kirke the faun
 17012 | Lair:6   | Found a staircase to the Slime Pits.
 17012 | Lair:6   | Found a viscous altar of Jiyva.
 17061 | Lair:6   | Found a stormy altar of Qazlal.
 17130 | Lair:6   | Slain by a molten gargoyle

Illustrated notes

Levels and vault maps discovered:
D:1:      dpeg_arrival_long_road, layout_loops_ring
D:2:      layout_basic, nemelex_xobeh_ov_fountains_minmay, uniq_jessica
D:3:      layout_loops_ring, nicolae_overflow_crystal_walls,
          dancing_weapons_uskayaw, grunt_gozag_statues
D:4:      layout_basic, serial_shops, nicolae_shop_window_shopping
D:5:      layout_basic, lemuel_round_altar, nicolae_dithmenos_shadow_blocks
D:6:      layout_basic, minmay_misc_feat_alley, uniq_sigmund
D:7:      layout_rooms, grunt_qazlal_clouds, okawaru_ov_weapons_minmay,
          minmay_temple_entry_statues_pillars, uniq_joseph
D:8:      layout_cave_pools, marbit_many_paths,
          chequers_temple_overflow_minitemple
D:9:      layout_basic
D:10:     layout_basic, lair_entry_dummy
D:11:     layout_basic, david_orc_3, minmay_misc_feat_tiny,
          nicolae_lava_and_water, onia_ninara_dug_in_and_dangerous, uniq_psyche
Lair:1:   layout_regular_city
Lair:2:   layout_regular_city
Lair:3:   layout_roguey, minmay_swamp_entry_worms, gauntlet_entry_generic
Lair:4:   layout_cave_pods, nicolae_spider_entry_orb_guardian,
          serial_bayou_pond_c, lemuel_oklob_altar
Lair:5:   beast_lair_carwin_large_2, layout_cave_pods
Lair:6:   cheibrodos_lair_end_hotspot, layout_long_grid, slime_altar_1,
          nicolae_volcano_entry_hallway, basic_altar, uniq_kirke

Skill      XL: |  1  2  3  4  5  6  7  8  9 10 11 12 13 |
---------------+----------------------------------------+-----
Axes           | 2 3 4 5 6 7 9 11 12 | 12.9
Armour         | 2 3 4 5 7 8 9 10 | 10.3
Invocations    | 1 2 3 4 5 6 7 |  7.8
Fighting       | 3 4 5 6 7 |  7.0
Shields        | 1 2 3 4 5 |  5.5
Evocations     | 2 |  2.1
Short Blades   | |  1.0
Throwing       | |  0.3
Dodging        | |  1.0
Stealth        | |  1.5

Action                   |  1- 3 |  4- 6 |  7- 9 | 10-12 | 13-15 || total
-------------------------+-------+-------+-------+-------+-------++-------
Melee: Hand axe          |   110 |    71 |   173 |       |       ||   354
       War axe           |       |    62 |    68 |       |       ||   130
       Broad axe         |       |       |       |   609 |   197 ||   806
Throw: Javelin           |     4 |    14 |    17 |    12 |       ||    47
Invok: Draw Destruction  |       |     7 |     1 |    30 |    10 ||    48
       Draw Summoning    |       |       |       |     2 |       ||     2
       Draw Escape       |       |       |       |       |     2 ||     2
Evoke: Wand              |     2 |     1 |     6 |    28 |     7 ||    44
       Phial of floods   |       |       |       |     1 |       ||     1
       Phantom mirror    |       |       |       |     1 |       ||     1
  Use: Scroll            |       |     6 |     6 |    14 |     3 ||    29
 Stab: Paralysed         |       |       |       |     2 |     1 ||     3
       Confused          |       |       |       |     1 |       ||     1
Armor: Scale mail        |    51 |    54 |   132 |    15 |       ||   252
       Plate armour      |       |       |       |   374 |   110 ||   484
Dodge: Dodged            |    71 |    83 |    83 |   121 |    33 ||   391
Block: Kite shield       |       |    16 |    99 |   393 |   127 ||   635

Table legend: (Time is in decaauts)
 A = Elapsed time spent in this place.
 B = Non-inter-level travel time spent in this place.
 C = Inter-level travel time spent in this place.
 D = Time resting spent in this place.
 E = Time spent auto-exploring this place.
 F = Levels seen in this place.
 G = Mean time per level.
                   A        B        C        D        E       F      G
               +--------+--------+--------+--------+--------+-----+--------+
         Total |  17396 |  16771 |    625 |   2064 |  10812 |  18 |  966.4 |
       Dungeon |  11289 |  10852 |    437 |   1248 |   7161 |  11 | 1026.3 |
          Lair |   5476 |   5289 |    187 |    558 |   3468 |   6 |  912.7 |
      Gauntlet |    630 |    630 |      0 |    258 |    183 |   1 |  630.0 |
               +--------+--------+--------+--------+--------+-----+--------+

Top non-repeatable levels by time:
     D:5: 2074 daAuts
  Lair:4: 1208 daAuts
     D:1: 1165 daAuts
  Lair:5: 1138 daAuts
    D:11: 1124 daAuts
     D:6: 1121 daAuts
  Lair:3: 1110 daAuts
     D:9: 1092 daAuts
    D:10: 1062 daAuts
     D:3: 1012 daAuts
  Lair:2: 982 daAuts
  Lair:1: 889 daAuts
     D:2: 765 daAuts
     D:4: 734 daAuts
Gauntlet: 630 daAuts
